 Dungeon Crawl Stone Soup version 0.22-a0-412-g2b68d14 (webtiles) character file.

127185 Gorice the Spry (level 16, -1/106 HPs)
             Began as a Deep Elf Wanderer on May 10, 2018.
             Was a High Priest of Vehumet.
             Slain by a large abomination (16 damage)
             ... on level 2 of the Abyss on May 12, 2018.
             The game lasted 04:17:44 (39661 turns).

Gorice the Spry (Deep Elf Wanderer)                Turns: 39661, Time: 04:17:47

Health: -1/106     AC: 10    Str:  8    XL:     16   Next: 45%
Magic:  7/44       EV: 23    Int: 26    God:    Vehumet [*****.]
Gold:   2211       SH:  5    Dex: 14    Spells: 4/42 levels left

rFire    . . .     SeeInvis +   a - staff of conjuration
rCold    . . .     Gourm    .   g - +0 buckler
rNeg     . . .     Faith    .   s - +2 robe {Archmagi}
rPois    .         Spirit   .   j - +1 helmet
rElec    .         Reflect  .   O - +0 cloak
rCorr    .         Harm     .   (no gloves)
MR       +....                  t - +2 pair of boots of Piozahyz {Stlth+}
Stlth    ++........             (no amulet)
HPRegen  0.27/turn              p - ring of magical power
MPRegen  0.29/turn              i - ring of see invisible

@: no status effects
A: no striking features
a: Renounce Religion


You were on level 2 of the Abyss.
You worshipped Vehumet.
Vehumet was extremely pleased with you.
You were near starving.

You visited 5 branches of the dungeon, and saw 26 of its levels.
You visited the Abyss 1 time.

You collected 2531 gold pieces.
You spent 320 gold pieces at shops.

Inventory:

Hand Weapons
 b - a +4 scimitar of flaming
   (You took it off an efreet on level 13 of the Dungeon)
 B - a +0 blowgun
Missiles
 n - 9 curare-tipped needles
 v - 13 javelins (quivered)
 Y - 374 stones
 Z - a throwing net
Armour
 g - a +0 buckler (worn)
 j - a +1 helmet (worn)
 s - a +2 robe of the Archmagi (worn)
   (You took it off an orc sorcerer on level 9 of the Dungeon)
 t - the +2 pair of boots of Piozahyz (worn) {Stlth+}
   (You found it on level 3 of the Lair of Beasts)

   It makes you more stealthy.
 H - a +2 shield
 M - the +8 plate armour of the Guardian {MP+9}
   (You found it on level 2 of the Abyss)

   It affects your magic capacity (+9).
 O - a +0 cloak (worn)
Magical Staves
 a - an uncursed staff of conjuration (weapon)
Jewellery
 f - an uncursed ring of fire
 i - a ring of see invisible (right hand)
 k - an uncursed ring of poison resistance
 m - an uncursed ring of protection from magic
 p - a ring of magical power (left hand)
Wands
 c - a wand of digging (9)
 e - a wand of flame (20)
 r - a wand of paralysis (35)
 w - a wand of enslavement (30)
 y - a wand of disintegration (9)
 F - a wand of acid (6)
Scrolls
 q - 5 scrolls of remove curse
 x - 8 scrolls of teleportation {!r}
 z - 3 scrolls of fog
 A - 2 scrolls of identify
 E - 4 scrolls of magic mapping {!r}
 I - 2 scrolls of enchant armour
 K - a scroll of amnesia
 X - 2 scrolls of fear {!r}
Potions
 d - 8 potions of haste {!q}
 h - 8 potions of flight
 l - 7 potions of curing
 o - 3 potions of magic {!q}
 u - 3 potions of berserk rage
 C - 4 potions of might {!q}
 D - a potion of resistance {!q}
 G - 3 potions of agility {!q}
 R - a potion of brilliance {!q}
 S - a potion of cancellation {!q}
Miscellaneous
 J - 4 boxes of beasts
Comestibles
 L - 36 rations


   Skills:
 - Level 14.1 Fighting
 - Level 1.0 Throwing
 - Level 16.0 Dodging
 - Level 4.0 Shields
 + Level 13.6 Spellcasting
 - Level 11.1 Conjurations
 - Level 4.0 Translocations
 - Level 6.0 Fire Magic
 * Level 7.9 Ice Magic
 - Level 6.0 Air Magic
 - Level 10.0 Earth Magic


You had 4 spell levels left.
You knew the following spells:

 Your Spells              Type           Power        Failure   Level  Hunger
a - Shock                 Conj/Air       ####         1%          1    None
b - Sandblast             Erth           ######       1%          1    None
c - Conjure Flame         Conj/Fire      #######.     1%          3    None
d - Stone Arrow           Conj/Erth      ######       1%          3    None
e - Mephitic Cloud        Conj/Pois/Air  #######.     1%          3    None
f - Ignite Poison         Fire/Tmut/Pois #####...     1%          3    None
g - Sticky Flame          Conj/Fire      #######.     1%          4    None
h - Iskenderun's Mystic   Conj           ########     1%          4    None
i - Iron Shot             Conj/Erth      ########..   1%          6    ####...
j - Freezing Cloud        Conj/Ice/Air   #######...   4%          6    ####...
J - Blink                 Tloc           N/A          1%          2    None
S - Swiftness             Chrm/Air       ######..     1%          2    None

Your spell library contained the following spells:

 Spells                   Type           Power        Failure   Level  Hunger
 Magic Dart               Conj           ####         1%          1    None
 Lightning Bolt           Conj/Air       #######...   1%          5    ##.....
 Slow                     Hex            ####....     4%          2    None
 Throw Frost              Conj/Ice       ######       1%          2    None
 Summon Small Mammal      Summ           ####         3%          1    None
 Freeze                   Ice            ####         1%          1    None
 Summon Ice Beast         Ice/Summ       ######..     6%          4    None
 Ozocubu's Armour         Chrm/Ice       ######..     1%          3    None
 Call Imp                 Summ           ####....     4%          2    None
 Summon Demon             Summ           ####......   65%         5    ##.....
 Recall                   Summ/Tloc      N/A          4%          3    None
 Statue Form              Tmut/Erth      ######...    54%         6    ####...
 Dragon Form              Tmut           ####......   100%        7    ######.
 Throw Icicle             Conj/Ice       ########     1%          4    None
 Airstrike                Air            ######....   1%          4    None
 Shadow Creatures         Summ           N/A          99%         6    ####...
 Passwall                 Tmut/Erth      ######....   1%          2    None
 Call Canine Familiar     Summ           ####....     10%         3    None
 Static Discharge         Conj/Air       #######.     1%          3    None
 Petrify                  Tmut/Erth      ######..     4%          4    None
 Aura of Abjuration       Summ           ####......   65%         5    ##.....
 Summon Forest            Summ/Tloc      #####.....   36%         5    ##.....
 Summon Lightning Spire   Summ/Air       ######..     9%          4    None
 Summon Guardian Golem    Hex/Summ       ####....     10%         3    None
 Summon Mana Viper        Hex/Summ       ####....     65%         5    ##.....


Dungeon Overview and Level Annotations

Branches:
Dungeon (15/15)            Temple (1/1) D:5            Lair (6/6) D:10
 Shoals (0/4) Lair:4        Snake (2/4) Lair:4        Slime (0/5) Lair:5
    Orc (2/2) D:9             Elf (0/3) Orc:2        Vaults (0/5) D:13
 Depths (0/5) D:15

Altars:
Ashenzari
Cheibriados
Dithmenos
Elyvilon
Fedhas
Gozag
Hepliaklqana
Kikubaaqudgha
Makhleb
Nemelex Xobeh
Okawaru
Qazlal
Ru
Sif Muna
Trog
Uskayaw
Vehumet
Wu Jian
Xom
Yredelemnul
Zin
The Shining One
Jiyva

Shops:
Orc:2 =((

Annotations:
Snake:2 3 runed doors, Louise


Message History

A smoke demon comes into view.
The lich shouts!
The smoke demon roars!
The smoke demon gestures at you. Something smites you!
* * * LOW HITPOINT WARNING * * *
The lich gestures wildly while chanting.
The lich seems to speed up.
Damage: 9 (max 9)
Casting: Sandblast (safe; 1% risk of failure)
Confirm with . or Enter, or press ? or * to list all spells.
Aiming: Iron Shot (safe; 1% risk of failure)
Press: ? - help, Shift-Dir - straight line, f - lich
Aim: a lich (fast)
You feel a strong surge of power!
The iron shot hits the lich.
The lich is heavily damaged.
You are feeling very hungry.
Casting: Iron Shot (safe; 1% risk of failure)
Confirm with . or Enter, or press ? or * to list all spells.
Aiming: Iron Shot (safe; 1% risk of failure)
Press: ? - help, Shift-Dir - straight line, f/p - lich
Aim: a lich (heavily damaged, fast)
You feel a strong surge of power!
The iron shot hits the lich.
You destroy the lich!
Vehumet accepts your kill.
You feel your power returning. The large abomination hits you!!
* * * LOW HITPOINT WARNING * * *
Damage: 26 (max 26) Unknown command.
Casting: Iron Shot (safe; 1% risk of failure)
Confirm with . or Enter, or press ? or * to list all spells.
Aiming: Iron Shot (safe; 1% risk of failure)
Press: ? - help, Shift-Dir - straight line, f - smoke demon
Aim: a smoke demon You feel a strong surge of power!
The iron shot hits the large abomination.
The large abomination is almost destroyed.
The large abomination completely misses you.
Unknown command.
Casting: Iron Shot (safe; 1% risk of failure)
Confirm with . or Enter, or press ? or * to list all spells.
Aiming: Iron Shot (safe; 1% risk of failure)
Press: ? - help, Shift-Dir - straight line, f/p - smoke demon
Aim: a smoke demon You feel a strong surge of power!
The iron shot hits the smoke demon.
You kill the smoke demon!
Vehumet accepts your kill.
You feel your power returning.
You are near starving!
The large abomination hits you!
You die...

.... ....# . #
..###...##. #≈. ...
#.....#...... ..≈
..5..............
≈.. .............#
≈.# #... ..
.........##..#≈≈
##.....#......≈≈≈≈≈
##...###...X....≈.
##....#..##@##≈≈≈.
. #... ..####♣≈≈.#
# .##...# # ≈≈.# ..
. *#.## ≈##..
.#.#.## .# ## ##
##..# ≈# ##.≈≈ ≈.
... ≈ ≈. .# . #.
≈5#


You could see a large abomination.

Vanquished Creatures
  Vashnia (Snake:2)
  A lich (Abyss:2)
  Frances (Snake:2)
  Roxanne (D:15)
  A tentacled starspawn (Abyss:2)
  A draconian scorcher (Abyss:2)
  Nessos (D:12)
  A stone giant (Orc:1)
  A lorocyproca (Abyss:2)
  Snorg (Lair:4)
  A rakshasa (Abyss:2)
  4 vault guards (D:13)
  6 hydras
  7 naga warriors
  6 catoblepae
  7 two-headed ogres
  2 anacondas (Snake:1)
  2 centaur warriors
  Urug (D:12)
  3 death yaks (Lair:6)
  A vampire mage (D:15)
  5 orc high priests (Orc:2)
  2 thrashing horrors (Abyss:2)
  6 naga sharpshooters
  A spatial maelstrom (Abyss:2)
  A shock serpent (Snake:2)
  A sixfirhy (Abyss:2)
  8 skeletal warriors
  An unseen horror (D:11)
  2 wizards
  A necromancer (D:15)
  An orc sorcerer (D:9)
  9 orc knights
  A lindwurm (Lair:5)
  A mana viper (Snake:1)
  3 deep elf magi
  7 manticores
  3 cyclopes
  A worldbinder (Abyss:2)
  12 ugly things
  A salamander (Snake:1)
  Maurice (D:12)
  A guardian serpent (Snake:2)
  A centaur zombie (D:10)
  8 naga magi
  A smoke demon (Abyss:2)
  12 black mambas
  4 gargoyles
  8 spiny frogs
  3 rime drakes
  An efreet (D:13)
  A guardian mummy (D:15)
  3 komodo dragons
  3 tengu conjurers
  A polar bear (Lair:2)
  7 trolls
  A wind drake (shapeshifter) (D:15)
  9 slime creatures
  5 blink frogs (Lair:2)
  An ettin zombie (D:15)
  5 hippogriffs
  An ice dragon zombie (D:15)
  6 dream sheep (Lair:4)
  A meliai zombie (D:10)
  A deep troll skeleton (D:15)
  An ettin skeleton (D:15)
  4 wyverns
  66 yaks
  A vampire (Abyss:2)
  A large abomination (Abyss:2)
  2 shadows (D:12)
  6 basilisks
  11 vampire mosquitoes
  A steam dragon (D:12)
  4 wargs
  14 nagas
  3 soldier ants
  16 porcupines
  8 water moccasins
  A swamp drake (Orc:2)
  3 ice beasts
  4 sky beasts
  A black bear (Lair:2)
  2 hornet zombies
  2 phantoms
  45 orc warriors
  5 ogres
  7 centaurs
  16 crocodiles
  4 small abominations (Abyss:2)
  3 big kobolds
  11 bullfrogs
  A gnoll sergeant (D:9)
  A wyvern zombie (D:11)
  10 scorpions
  3 wyvern skeletons
  16 killer bees
  11 wights
  7 howler monkeys
  An electric eel (Lair:5)
  13 crimson imps
  5 bullfrog zombies
  5 hounds
  2 iron imps
  11 jellies
  29 orc wizards
  5 centaur skeletons
  32 orc priests
  Jessica (D:2)
  2 iguanas
  Terence (D:3)
  9 worker ants
  A killer bee zombie (D:9)
  A hound skeleton (D:6)
  Robin (D:3)
  8 gnolls
  A howler monkey skeleton (D:8)
  19 adders
  3 shadow imps
  A white imp (Orc:2)
  23 oozes
  An adder skeleton (D:9)
  An adder zombie (D:8)
  3 worms
  4 dart slugs
  4 leopard geckos
  109 orcs
  7 giant cockroaches
  14 goblins
  11 hobgoblins
  6 jackals
  27 kobolds
  5 quokkas
  A ball python (D:2)
  7 bats
  6 frilled lizards
  A leopard gecko zombie (D:7)
  A quokka skeleton (D:5)
  A quokka zombie (D:9)
  11 rats
  A fungus (Lair:6)
  2 starspawn tentacles (Abyss:2)
890 creatures vanquished.

Vanquished Creatures (others)
  A mana viper (Snake:1)
  An orc wizard (Orc:2)
  A shadow imp (Orc:2)
  An orc (Orc:2)
  6 fungi
  10 plants
  3 starspawn tentacles (Abyss:2)
  4 withered plants (D:15)
27 creatures vanquished.

Grand Total: 917 creatures vanquished

Notes
Turn   | Place    | Note
-------+----------+-------------------------------------------
     0 | D:1      | Gorice the Deep Elf Wanderer began the quest for the Orb.
     0 | D:1      | Gorice set off with: 10 poisoned needles, a +0 blowgun, a +0 robe, a ration
     0 | D:1      | Reached XP level 1. HP: 10/10 MP: 6/6
     2 | D:1      | Learned a level 1 spell: Shock
   178 | D:1      | Reached XP level 2. HP: 15/15 MP: 2/8
   745 | D:1      | Reached XP level 3. HP: 18/19 MP: 6/10
   751 | D:1      | Learned a level 1 spell: Sandblast
  1252 | D:2      | Reached skill level 3 in Air Magic
  1339 | D:2      | Found a shattered altar of Ashenzari.
  1350 | D:2      | Learned a level 2 spell: Swiftness
  1354 | D:2      | Learned a level 3 spell: Stone Arrow
  1405 | D:2      | Found a basalt altar of Yredelemnul.
  1429 | D:2      | Noticed Jessica
  1433 | D:2      | Killed Jessica
  1433 | D:2      | Reached skill level 1 in Earth Magic
  1441 | D:2      | Reached XP level 4. HP: 24/24 MP: 11/11
  1551 | D:2      | Reached skill level 4 in Spellcasting
  1630 | D:2      | Reached skill level 4 in Conjurations
  1702 | D:2      | Reached skill level 2 in Earth Magic
  2125 | D:3      | Noticed Terence
  2158 | D:3      | HP: 6/24 [Terence/flail of venom (5)]
  2159 | D:3      | Killed Terence
  2375 | D:3      | Reached XP level 5. HP: 28/28 MP: 13/13
  2550 | D:3      | Noticed Robin
  2577 | D:3      | Killed Robin
  2648 | D:3      | Reached skill level 3 in Earth Magic
  3232 | D:4      | Reached XP level 6. HP: 18/32 MP: 15/15
  3495 | D:4      | Reached skill level 5 in Spellcasting
  3495 | D:4      | Reached skill level 4 in Earth Magic
  3619 | D:4      | Reached skill level 5 in Conjurations
  3748 | D:4      | Found a glowing silver altar of Zin.
  3748 | D:4      | Found a burning altar of Makhleb.
  3754 | D:4      | Found an iron altar of Okawaru.
  3757 | D:4      | Found a deep blue altar of Sif Muna.
  3767 | D:4      | Found a sacrificial altar of Ru.
  4131 | D:4      | Reached XP level 7. HP: 36/36 MP: 17/17
  4169 | D:5      | Entered Level 5 of the Dungeon
  4196 | D:5      | Reached skill level 5 in Earth Magic
  4301 | D:5      | Found an ancient bone altar of Kikubaaqudgha.
  4335 | D:5      | Reached skill level 6 in Spellcasting
  4474 | D:5      | Found a bloodstained altar of Trog.
  4614 | D:5      | Reached skill level 6 in Earth Magic
  4615 | D:5      | Found a staircase to the Ecumenical Temple.
  4624 | Temple   | Entered the Ecumenical Temple
  4713 | Temple   | Became a worshipper of Vehumet
  4773 | D:5      | Reached skill level 6 in Conjurations
  4817 | D:5      | Found a hazy altar of Hepliaklqana.
  5731 | D:6      | Reached XP level 8. HP: 41/41 MP: 19/19
  6047 | D:7      | Found a white marble altar of Elyvilon.
  6290 | D:7      | Found an opulent altar of Gozag.
  6361 | D:7      | Learned a level 2 spell: Blink
  6365 | D:7      | Learned a level 3 spell: Conjure Flame
  6595 | D:7      | Reached skill level 7 in Spellcasting
  6595 | D:7      | Reached skill level 7 in Conjurations
  6595 | D:7      | Reached skill level 2 in Fire Magic
  6595 | D:7      | Reached skill level 7 in Earth Magic
  6845 | D:8      | Found an ornate altar of the Wu Jian Council.
  6966 | D:8      | Reached * piety under Vehumet
  6966 | D:8      | Offered knowledge of Sting by Vehumet.
  7181 | D:8      | Reached skill level 3 in Fire Magic
  7430 | D:8      | Reached XP level 9. HP: 45/45 MP: 22/22
  7452 | D:8      | HP: 13/45 [poisoned by a killer bee]
  7459 | D:8      | HP: 12/45 [poisoned by a killer bee]
  7467 | D:8      | HP: 11/45 [poisoned by a killer bee]
  7901 | D:8      | Reached skill level 8 in Earth Magic
  8051 | D:8      | Reached skill level 4 in Fire Magic
  8535 | D:9      | Reached skill level 8 in Conjurations
  8540 | D:9      | Offered knowledge of Flame Tongue by Vehumet.
  8592 | D:9      | Noticed a troll
  8592 | D:9      | Noticed a two-headed ogre
  8631 | D:9      | Killed a two-headed ogre
  8631 | D:9      | Reached ** piety under Vehumet
  8631 | D:9      | Reached skill level 8 in Spellcasting
  8631 | D:9      | Reached skill level 4 in Air Magic
  8681 | D:9      | Killed a troll
  8681 | D:9      | Reached skill level 9 in Conjurations
  8681 | D:9      | Reached skill level 5 in Air Magic
  8854 | D:9      | Found a staircase to the Orcish Mines.
  9291 | D:9      | Reached skill level 1 in Translocations
  9404 | D:9      | Offered knowledge of Ignite Poison by Vehumet.
  9598 | D:9      | Reached skill level 9 in Spellcasting
  9598 | D:9      | Reached XP level 10. HP: 49/50 MP: 25/25
  9811 | D:10     | Entered Level 10 of the Dungeon
  9908 | D:9      | Learned a level 3 spell: Mephitic Cloud
  9912 | D:9      | Learned a level 3 spell: Ignite Poison
  9913 | D:10     | Noticed a gargoyle
 10136 | D:9      | HP: 12/50 [bullfrog (6)]
 10137 | D:9      | Reached skill level 2 in Translocations
 10421 | D:9      | Killed a gargoyle
 10421 | D:9      | Reached skill level 6 in Air Magic
 10491 | D:10     | HP: 15/50 [porcupine (10)]
 10491 | D:10     | HP: 1/50 [crocodile (14)]
 10831 | D:9      | Reached skill level 3 in Translocations
 10933 | D:9      | Reached *** piety under Vehumet
 11062 | D:10     | HP: 15/50 [killer bee (9)]
 11067 | D:9      | HP: 14/50 [poisoned by a killer bee]
 11075 | D:9      | HP: 13/50 [poisoned by a killer bee]
 11452 | D:9      | Reached skill level 10 in Conjurations
 11765 | D:10     | HP: 13/50 [meliai zombie (9)]
 12009 | D:9      | Reached skill level 5 in Fire Magic
 12010 | D:9      | Reached skill level 4 in Translocations
 12153 | D:10     | HP: 12/51 [meliai zombie (5)]
 12158 | D:9      | HP: 11/51 [poisoned by a scorpion]
 12414 | D:10     | Reached skill level 1 in Fighting
 12431 | D:10     | Reached skill level 6 in Fire Magic
 12541 | D:10     | Reached skill level 1 in Dodging
 12575 | D:10     | Reached skill level 10 in Spellcasting
 12578 | D:10     | Reached skill level 2 in Fighting
 12578 | D:10     | Reached skill level 2 in Dodging
 12578 | D:10     | Offered knowledge of Sticky Flame by Vehumet.
 12581 | D:10     | Reached skill level 3 in Dodging
 12587 | D:10     | Learned a level 4 spell: Sticky Flame
 12771 | D:10     | Noticed a two-headed ogre
 12777 | D:10     | Killed a two-headed ogre
 12777 | D:10     | Reached skill level 3 in Fighting
 12777 | D:10     | Reached XP level 11. HP: 40/60 MP: 27/27
 12853 | D:10     | Reached skill level 4 in Dodging
 12881 | D:10     | Found a staircase to the Lair.
 13065 | D:10     | Noticed a two-headed ogre
 13090 | D:10     | Killed a two-headed ogre
 13235 | D:10     | Noticed a two-headed ogre
 13239 | D:10     | Killed a two-headed ogre
 13239 | D:10     | Reached skill level 4 in Fighting
 13239 | D:10     | Reached skill level 5 in Dodging
 13578 | Lair:1   | Entered Level 1 of the Lair of Beasts
 13649 | Lair:1   | Noticed a four-headed hydra
 13666 | Lair:1   | Killed a four-headed hydra
 13726 | Lair:1   | Reached skill level 6 in Dodging
 13822 | Lair:1   | Reached skill level 11 in Spellcasting
 13893 | Lair:1   | Reached skill level 5 in Fighting
 14149 | Lair:1   | Reached skill level 7 in Dodging
 14150 | Lair:1   | Reached **** piety under Vehumet
 14729 | Lair:2   | Reached skill level 8 in Dodging
 14753 | Lair:2   | Offered knowledge of Iskenderun's Mystic Blast by Vehumet.
 14959 | Lair:2   | Reached skill level 6 in Fighting
 15114 | Lair:2   | Reached XP level 12. HP: 70/70 MP: 29/29
 15795 | Lair:3   | Reached skill level 9 in Dodging
 15808 | Lair:3   | Got a pair of spiked boots
 15814 | Lair:3   | Identified the +2 pair of boots of Piozahyz {Stlth+} (You found it on level 3 of the Lair of Beasts)
 15819 | Lair:3   | Learned a level 4 spell: Iskenderun's Mystic Blast
 16230 | Lair:4   | Noticed a seven-headed hydra
 16235 | Lair:4   | Killed a seven-headed hydra
 16272 | Lair:4   | Reached skill level 12 in Spellcasting
 16465 | Lair:4   | Upgraded the game from 0.22-a0-409-gb855193 to 0.22-a0-410-g97be04f
 16629 | Lair:4   | Found a staircase to the Shoals.
 16650 | Lair:4   | Reached skill level 7 in Fighting
 16725 | Lair:4   | Noticed Snorg
 16754 | Lair:4   | Killed Snorg
 16754 | Lair:4   | Reached skill level 10 in Dodging
 16871 | Lair:4   | Found a staircase to the Snake Pit.
 16874 | Lair:4   | HP: 9/72 [black mamba (39)]
 17330 | Lair:5   | Noticed a catoblepas
 17342 | Lair:5   | Killed a catoblepas
 17342 | Lair:5   | Reached ***** piety under Vehumet
 17342 | Lair:5   | Reached skill level 8 in Fighting
 17369 | Lair:5   | Reached skill level 11 in Dodging
 17426 | Lair:5   | Found a viscous altar of Jiyva.
 17426 | Lair:5   | Found a staircase to the Slime Pits.
 17468 | Lair:5   | Noticed a six-headed hydra
 17476 | Lair:5   | Killed a six-headed hydra
 17714 | Lair:5   | Offered knowledge of Conjure Ball Lightning by Vehumet.
 18251 | Lair:6   | Entered Level 6 of the Lair of Beasts
 18258 | Lair:6   | Noticed a seven-headed hydra
 18259 | Lair:6   | Noticed a four-headed hydra
 18555 | Lair:6   | HP: 16/75 [crocodile (11)]
 18580 | Lair:6   | HP: 16/75 [yak (13)]
 18582 | Lair:6   | Reached XP level 13. HP: 17/79 MP: 31/31
 18706 | Lair:6   | Reached skill level 12 in Dodging
 18902 | Lair:6   | Reached skill level 9 in Fighting
 19824 | Lair:6   | Reached skill level 13 in Dodging
 20258 | Lair:6   | Reached skill level 10 in Fighting
 20569 | Orc:1    | Entered Level 1 of the Orcish Mines
 21433 | D:11     | Reached skill level 14 in Dodging
 22088 | D:11     | HP: 22/83 [cyclops/large rock (3)]
 22643 | Orc:1    | Offered knowledge of Poison Arrow by Vehumet.
 22850 | Orc:1    | Reached XP level 14. HP: 80/88 MP: 18/32
 22862 | Orc:1    | HP: 25/88 [orc priest/divine providence (16)]
 23145 | Orc:1    | Noticed a stone giant
 23150 | Orc:1    | Killed a stone giant
 23191 | Orc:1    | Reached skill level 11 in Fighting
 23577 | Orc:2    | Entered Level 2 of the Orcish Mines
 23637 | Orc:2    | Found a staircase to the Elven Halls.
 24688 | Orc:2    | Offered knowledge of Ozocubu's Refrigeration by Vehumet.
 24716 | Orc:2    | Reached skill level 15 in Dodging
 26200 | Orc:2    | HP: 2/90 [orc knight/great mace (46)]
 26735 | Orc:2    | Found Ypho's Jewellery Boutique.
 26738 | Orc:2    | Found Wiqoig's Antique Weapon Shop.
 26739 | Orc:2    | Found Zimaorez's Jewellery Boutique.
 26740 | Orc:2    | Found Jianwiso's Antique Weapon Boutique.
 27217 | Orc:2    | Got a dazzling hat
 27219 | Orc:2    | Got a wizard robe
 27222 | Orc:2    | Identified the cursed +0 hat "Afeor" {+Fly rCorr} (You found it on level 2 of the Orcish Mines)
 27223 | Orc:2    | Identified the +0 robe of Veruwkih {rElec} (You found it on level 2 of the Orcish Mines)
 27630 | D:12     | Noticed Nessos
 27633 | D:12     | Upgraded the game from 0.22-a0-410-g97be04f to 0.22-a0-412-g2b68d14
 27641 | D:12     | Killed Nessos
 27666 | D:12     | Noticed Urug
 27691 | D:12     | HP: 25/91 [Urug/javelin (21)]
 27693 | D:12     | HP: 12/91 [Urug/javelin (13)]
 27694 | D:12     | Killed Urug
 28076 | D:11     | Reached skill level 16 in Dodging
 28142 | D:12     | Reached skill level 12 in Fighting
 28784 | D:12     | Offered knowledge of Spellforged Servitor by Vehumet.
 29015 | D:12     | Noticed Maurice
 29023 | D:12     | Killed Maurice
 29620 | D:13     | Found a gate to the Vaults.
 29966 | D:13     | Reached XP level 15. HP: 97/97 MP: 17/33
 30178 | D:13     | Reached skill level 11 in Conjurations
 31013 | D:14     | Reached skill level 13 in Fighting
 31143 | D:14     | Offered knowledge of Iron Shot by Vehumet.
 31151 | D:14     | Learned a level 6 spell: Iron Shot
 31932 | D:14     | Reached skill level 2 in Shields
 32304 | D:15     | Entered Level 15 of the Dungeon
 33167 | D:15     | Reached skill level 3 in Shields
 33480 | D:15     | Found a staircase to the Depths.
 33553 | D:15     | Reached skill level 9 in Earth Magic
 33555 | D:15     | Found an ornate altar of the Wu Jian Council.
 34011 | D:15     | Noticed Roxanne
 34023 | D:15     | Killed Roxanne
 34024 | D:15     | Identified Roxanne's Catalogue of Transformation (You took it off Roxanne on level 15 of the Dungeon)
 34559 | Orc:2    | Bought an uncursed ring of poison resistance for 320 gold pieces
 34803 | Snake:1  | Entered Level 1 of the Snake Pit
 35237 | Snake:1  | Offered knowledge of Freezing Cloud by Vehumet.
 35237 | Snake:1  | Reached skill level 4 in Shields
 35716 | Snake:1  | Reached skill level 14 in Fighting
 36985 | Snake:2  | Reached skill level 10 in Earth Magic
 36993 | Snake:2  | Learned a level 6 spell: Freezing Cloud
 37234 | Snake:2  | Reached skill level 1 in Ice Magic
 37481 | Snake:2  | Found a runed gate.
 37481 | Snake:2  | Found a runed gate.
 37481 | Snake:2  | Found a runed gate.
 37492 | Snake:2  | Noticed Vashnia
 37550 | Snake:2  | HP: 12/100 [Vashnia/arrow (24)]
 37550 | Snake:2  | HP: 4/100 [Vashnia/arrow (8)]
 37556 | Snake:2  | Killed Vashnia
 37556 | Snake:2  | Reached skill level 3 in Ice Magic
 37556 | Snake:2  | Reached XP level 16. HP: 6/106 MP: 9/34
 38142 | Snake:2  | Noticed Frances
 38155 | Snake:2  | Killed Frances
 38155 | Snake:2  | Reached skill level 4 in Ice Magic
 38509 | Snake:2  | Reached skill level 5 in Ice Magic
 38798 | Snake:2  | Noticed Louise
 38925 | Snake:2  | Reached skill level 13 in Spellcasting
 39153 | Snake:2  | Cast into level 2 of the Abyss (Louise)
 39158 | Abyss:2  | Found a bloodstained altar of Trog.
 39183 | Abyss:2  | Found a shattered altar of Ashenzari.
 39207 | Abyss:2  | Noticed a tentacled starspawn
 39218 | Abyss:2  | Reached skill level 6 in Ice Magic
 39220 | Abyss:2  | Killed a tentacled starspawn
 39342 | Abyss:2  | HP: 16/106 [lorocyproca (29)]
 39368 | Abyss:2  | HP: 21/106 [small abomination (2)]
 39374 | Abyss:2  | HP: 11/106 [black draconian scorcher/enchanted short sword (12)]
 39381 | Abyss:2  | HP: 31/106 [small abomination (illusionary) (4)]
 39389 | Abyss:2  | Reached skill level 7 in Ice Magic
 39456 | Abyss:2  | Got a smoking plate armour
 39457 | Abyss:2  | Identified the +8 plate armour of the Guardian {MP+9} (You found it on level 2 of the Abyss)
 39513 | Abyss:2  | HP: 27/106 [thrashing horror (7)]
 39529 | Abyss:2  | HP: 11/106 [thrashing horror (15)]
 39535 | Abyss:2  | HP: 5/106 [thrashing horror (5)]
 39589 | Abyss:2  | HP: 30/106 [small abomination (15)]
 39655 | Abyss:2  | Noticed a lich
 39659 | Abyss:2  | Killed a lich
 39659 | Abyss:2  | HP: 14/106 [large abomination (26)]
 39661 | Abyss:2  | Slain by a large abomination

Vault maps used:
D:1:      dpeg_arrival_erosion, minmay_tromino_v4_a
D:2:      lemuel_crystal_altar, yredelemnul_altar_generic,
          kennysheep_decorative_pillar, uniq_jessica
D:3:      uniq_robin, uniq_terence
D:4:      chequers_temple_overflow_minitemple, minmay_misc_feat_rows,
          minmay_checkerbox
D:5:      kiku_gazebo_garden_becter, lemuel_crystal_altar,
          minmay_temple_entry_enclosed_plants, first_ration, trog_book
D:6:      hangedman_abyss_or_decor_stagger
D:7:      nicolae_gozag_seed_capital, lemuel_doored_altar
D:8:      marbit_many_paths
D:9:      david_orc_4
D:10:     minmay_lair_entry_grove
D:12:     hangedman_little_slice_of_home, kennysheep_windowed_goal, uniq_urug,
          uniq_maurice, uniq_nessos
D:13:     lightli_vaults_fourway_checkpoint
D:14:     infiniplex_staircase_zigzag_2
D:15:     gammafunk_depths_entry_grave, serial_park_tiny_2, basic_altar,
          serial_curves, eino_curves_01, eino_curves_02, uniq_roxanne
Temple:   compressed_dpeg_circular_temple
Lair:1:   lemuel_slime
Lair:2:   infiniplex_staircase_pool
Lair:4:   shoals_dummy_entry, minmay_snake_entry_guardpost_small,
          lemuel_fruit_tree, uniq_snorg
Lair:5:   slime_altar_1, nicolae_quartered_pool_little, grunt_megastairs_1,
          lemuel_fruit_fields, serial_bayou_shore_b
Lair:6:   evilmike_catoblepas_cave, grunt_megastairs_4
Snake:1:  spider_trap
Snake:2:  serial_shops, nicolae_shop_crystal, nicolae_snake_horde_hoard,
          uniq_frances, uniq_vashnia, uniq_donald, uniq_louise
Orc:2:    st_orc_pillars, hangedman_minor_magic

Skill      XL: |  1  2  3  4  5  6  7  8  9 10 11 12 13 14 15 16 |
---------------+-------------------------------------------------+-----
Air Magic      | 3 5 6 |  6.0
Earth Magic    | 1 2 3 4 6 7 8 10 | 10.0
Spellcasting   | 4 5 6 7 9 10 11 12 13 | 13.6
Conjurations   | 4 5 6 7 9 10 11 | 11.1
Fire Magic     | 3 4 6 |  6.0
Translocations | 1 4 |  4.0
Fighting       | 3 6 8 10 12 14 | 14.1
Dodging        | 3 8 11 14 16 | 16.0
Shields        | 4 |  4.0
Ice Magic      | 3 7 |  7.9
Throwing       | |  1.0

Action                   |  1- 3 |  4- 6 |  7- 9 | 10-12 | 13-15 | 16-18 || total
-------------------------+-------+-------+-------+-------+-------+-------++-------
Melee: Dagger            |       |     8 |     1 |       |       |       ||     9
       Spear             |       |       |     9 |       |     3 |       ||    12
       Staff             |       |       |     3 |     2 |    88 |     2 ||    95
 Fire: Blowgun           |    11 |     3 |       |       |       |       ||    14
 Cast: Shock             |    62 |   166 |   244 |    39 |   109 |     1 ||   621
       Sandblast         |     2 |     7 |    50 |    13 |   109 |    20 ||   201
       Conjure Flame     |       |       |    11 |    45 |   111 |    14 ||   181
       Stone Arrow       |       |       |    27 |   259 |   718 |    75 ||  1079
       Swiftness         |       |       |     1 |     4 |       |       ||     5
       Blink             |       |       |       |    23 |    16 |     1 ||    40
       Mephitic Cloud    |       |       |       |    21 |    46 |       ||    67
       Ignite Poison     |       |       |       |    13 |    35 |       ||    48
       Sticky Flame      |       |       |       |    23 |   155 |    15 ||   193
       Iskenderun's Myst |       |       |       |     6 |    54 |     6 ||    66
       Iron Shot         |       |       |       |       |    10 |     9 ||    19
Evoke: Wand              |       |       |       |       |     4 |     3 ||     7
  Use: Scroll            |     4 |     2 |    18 |    11 |     8 |     1 ||    44
       Potion            |       |     1 |       |       |     1 |     3 ||     5
  Eat: Chunk             |     1 |     8 |    14 |    20 |    46 |     3 ||    92
       Ration            |       |       |     1 |     2 |     4 |     1 ||     8
Armor: Robe              |     7 |    10 |     8 |    16 |    41 |    19 ||   101
       Troll leather arm |       |       |       |    11 |    12 |       ||    23
Dodge: Dodged            |    12 |    27 |    40 |   114 |   388 |    85 ||   666
Block: Buckler           |       |       |       |       |    29 |    24 ||    53

Table legend:
 A = Spawn XP
 B = Non-spawn XP
 C = Spawn XP percentage of total XP
 D = Spawn monster count
 E = Non-spawn monster count
 F = Spawn count percentage of total count
 G = Total turns spent on level
                    A         B        C        D         E        F      G
               +---------+---------+-------+---------+---------+-------+---------
         Total |    7744 |  173950 |   4.3 |      11 |     877 |   1.2 | 39661
               +---------+---------+-------+---------+---------+-------+---------
           D:1 |       0 |      50 |   0.0 |       0 |      29 |   0.0 |  1251
           D:2 |       0 |      95 |   0.0 |       0 |      21 |   0.0 |  1085
           D:3 |       0 |     181 |   0.0 |       0 |      34 |   0.0 |   866
           D:4 |       0 |     407 |   0.0 |       0 |      23 |   0.0 |   967
           D:5 |       0 |     626 |   0.0 |       0 |      21 |   0.0 |   852
           D:6 |       0 |     113 |   0.0 |       0 |       9 |   0.0 |   894
           D:7 |       0 |     561 |   0.0 |       0 |      14 |   0.0 |   773
           D:8 |       0 |    1146 |   0.0 |       0 |      34 |   0.0 |  2413
           D:9 |       0 |    7291 |   0.0 |       0 |      79 |   0.0 |  3957
          D:10 |       0 |    5938 |   0.0 |       0 |      23 |   0.0 |  1398
          D:11 |       0 |    9426 |   0.0 |       0 |      46 |   0.0 |  2435
          D:12 |       0 |    9842 |   0.0 |       0 |      60 |   0.0 |  1146
          D:13 |       0 |   14469 |   0.0 |       0 |      50 |   0.0 |  1704
          D:14 |       0 |   11175 |   0.0 |       0 |      36 |   0.0 |  2267
          D:15 |       0 |   15177 |   0.0 |       0 |      35 |   0.0 |   994
        Lair:1 |       0 |    4020 |   0.0 |       0 |      34 |   0.0 |  1154
        Lair:2 |       0 |    4106 |   0.0 |       0 |      19 |   0.0 |   813
        Lair:3 |       0 |    2269 |   0.0 |       0 |       9 |   0.0 |  1206
        Lair:4 |       0 |    6643 |   0.0 |       0 |      24 |   0.0 |  1001
        Lair:5 |       0 |    5571 |   0.0 |       0 |      17 |   0.0 |   960
        Lair:6 |       0 |   15767 |   0.0 |       0 |      46 |   0.0 |  1938
       Snake:1 |       0 |   13408 |   0.0 |       0 |      28 |   0.0 |  2864
       Snake:2 |       0 |   19931 |   0.0 |       0 |      22 |   0.0 |  1486
         Orc:1 |       0 |    4213 |   0.0 |       0 |      47 |   0.0 |  1400
         Orc:2 |       0 |   15505 |   0.0 |       0 |     110 |   0.0 |  3222
       Abyss:2 |    7744 |    6020 |  56.3 |      11 |       7 |  61.1 |   508
               +---------+---------+-------+---------+---------+-------+---------

Table legend:
 A = Turns spent in this place as a percentage of turns spent in the entire game.
 B = Non-inter-level travel turns spent in this place as a percentage of non-inter-level travel turns spent in the entire game.
 C = Inter-level travel turns spent in this place as a percentage of turns spent in this place.
 D = Turns resting spent in this place as a percentage of non-inter-level travel turns spent in this place.
 E = Turns spent auto-exploring this place as a percentage of non-inter-level travel turns spent in this place.
 F = Non-inter-level travel turns spent in this place divided by the number of levels of this place that you've seen.
                   A       B       C       D       E      F
               +-------+-------+-------+-------+-------+----------------------
         Total | 100.0 | 100.0 |   6.8 |  39.7 |  33.3 | 1368.6
       Dungeon |  58.0 |  58.1 |   6.7 |  39.9 |  36.5 | 1430.7
        Temple |   0.3 |   0.2 |  15.0 |   0.0 |  82.4 |  91.0
          Lair |  17.8 |  17.5 |   8.7 |  24.3 |  45.0 | 1076.3
     Snake Pit |  11.0 |  11.4 |   3.1 |  56.7 |  27.1 | 2108.0
  Orcish Mines |  11.7 |  11.4 |   8.7 |  44.4 |   8.6 | 2109.0
         Abyss |   1.3 |   1.4 |   0.0 |  51.2 |   0.0 | 508.0
               +-------+-------+-------+-------+-------+----------------------

Vault maps used:
D:1:      dpeg_arrival_erosion, minmay_tromino_v4_a
D:2:      lemuel_crystal_altar, yredelemnul_altar_generic,
          kennysheep_decorative_pillar, uniq_jessica
D:3:      uniq_robin, uniq_terence
D:4:      chequers_temple_overflow_minitemple, minmay_misc_feat_rows,
          minmay_checkerbox
D:5:      kiku_gazebo_garden_becter, lemuel_crystal_altar,
          minmay_temple_entry_enclosed_plants, first_ration, trog_book
D:6:      hangedman_abyss_or_decor_stagger
D:7:      nicolae_gozag_seed_capital, lemuel_doored_altar
D:8:      marbit_many_paths
D:9:      david_orc_4
D:10:     minmay_lair_entry_grove
D:12:     hangedman_little_slice_of_home, kennysheep_windowed_goal, uniq_urug,
          uniq_maurice, uniq_nessos
D:13:     lightli_vaults_fourway_checkpoint
D:14:     infiniplex_staircase_zigzag_2
D:15:     gammafunk_depths_entry_grave, serial_park_tiny_2, basic_altar,
          serial_curves, eino_curves_01, eino_curves_02, uniq_roxanne
Temple:   compressed_dpeg_circular_temple
Lair:1:   lemuel_slime
Lair:2:   infiniplex_staircase_pool
Lair:4:   shoals_dummy_entry, minmay_snake_entry_guardpost_small,
          lemuel_fruit_tree, uniq_snorg
Lair:5:   slime_altar_1, nicolae_quartered_pool_little, grunt_megastairs_1,
          lemuel_fruit_fields, serial_bayou_shore_b
Lair:6:   evilmike_catoblepas_cave, grunt_megastairs_4
Snake:1:  spider_trap
Snake:2:  serial_shops, nicolae_shop_crystal, nicolae_snake_horde_hoard,
          uniq_frances, uniq_vashnia, uniq_donald, uniq_louise
Orc:2:    st_orc_pillars, hangedman_minor_magic
